 Dungeon Crawl Stone Soup version 0.30.0-13-g156ef70053 (webtiles) character file.

Game seed: 5505896546556573105

1956 browni3141 the Shield-Bearer (level 8, 0/73 HPs)
             Began as a Minotaur Fighter on May 17, 2023.
             Slain by a troll (10 damage)
             ... on level 6 of the Dungeon.
             The game lasted 00:03:45 (6376 turns).

browni3141 the Shield-Bearer (Minotaur Fighter)     Turns: 6376, Time: 00:03:46

Health: 0/73       AC:  9    Str: 21    XL:     8   Next: 99%
Magic:  0/7        EV: 11    Int:  5    God:
Gold:   480        SH:  5    Dex: 12    Spells: 7/7 levels left

rFire   + . .        a - +0 war axe
rCold   . . .        c - +0 buckler
rNeg    . . .        b - +0 scale mail
rPois   .            (helmet restricted)
rElec   .            (no cloak)
rCorr   .            W - +0 pair of gloves
SInv    .            (no boots)
Will    .....        N - amulet of guardian spirit Stlth
                     G - ring of protection from fire
HPRegen 0.32/turn    (no ring)
MPRegen 0.10/turn

%: guardian spirit
@: mighty
A: horns 2, retaliatory headbutt
a: no special abilities


You were on level 6 of the Dungeon.
You visited 1 branch of the dungeon, and saw 7 of its levels.
You also visited: Ossuary.

You collected 480 gold pieces.

Inventory:

Hand Weapons
 a - a +0 war axe (weapon)
Missiles
 y - 3 javelins (quivered)
 J - 4 curare-tipped darts
 Z - 2 throwing nets
Armour
 b - a +0 scale mail (worn)
 c - a +0 buckler (worn)
 W - a +0 pair of gloves (worn)
Jewellery
 A - a ring of fire
 G - a ring of protection from fire (left hand)
 L - an amulet of faith
 N - an amulet of guardian spirit (around neck)
Wands
 V - a wand of flame (19)
 Y - a wand of charming (19)
Scrolls
 x - a scroll of teleportation {unknown}
 F - 8 scrolls of identify {unknown}
 H - a scroll of enchant armour {unknown}
 I - a scroll of blinking {unknown}
 K - 2 scrolls of noise {unknown}
 Q - 2 scrolls of immolation {unknown}
 S - 3 scrolls of magic mapping {unknown}
 T - a scroll of silence {unknown}
Potions
 z - a potion of mutation {unknown}
 B - 2 potions of berserk rage {unknown}
 C - 11 potions of curing
 D - 3 potions of degeneration {unknown}
 E - 5 potions of invisibility {unknown}
 M - 3 potions of might
 O - 2 potions of brilliance {unknown}
 P - 2 potions of haste {unknown}
 R - a potion of heal wounds {unknown}
 U - 4 potions of attraction {unknown}
 X - a potion of ambrosia {unknown}


   Skills:
 + Level 7.2 Fighting
 + Level 6.6 Axes
 + Level 7.2 Armour
 + Level 5.5 Dodging
 + Level 7.3 Shields


You had 7 spell levels left.
You didn't know any spells.
Your spell library contained the following spells:

 Spells                   Type           Power      Damage    Failure   Level
 Slow                     Hex            0%         N/A       83%         1
 Inner Flame              Hex/Fire       0%         N/A       99%         3
 Flame Wave               Conj/Fire      0%         2d4       100%        4
 Sticky Flame             Conj/Fire      0%         2d3       100%        4


Dungeon Overview and Level Annotations

Branches:
Dungeon (7/15)            Ossuary (visited)
 Temple: D:4-7

Altars:
Fedhas
Ru
Wu Jian
Xom

Shops:
D:7 (

Annotations:
D:6 1 runed translucent door, qeuew's ghost, novice DsFE


Innate Abilities, Weirdness & Mutations

You have a pair of horns on your head.
You reflexively headbutt those who attack you in melee.


Message History

The troll resists with some effort.
The troll is engulfed in a cloud of scalding steam.
The troll closely misses you. You block the troll's attack.
The troll barely misses you.
The iguana bites you but does no damage.
The steam dragon barely misses you. The steam dragon closely misses you.
The wight hits you from afar with a +0 halberd.
You feel drained.
A killer bee comes into view.
The steam dragon attacks as you move away!
The steam dragon closely misses you. You block the steam dragon's attack.
The killer bee buzzes angrily.
You hear an angry buzzing noise.
The steam dragon breathes steam at you. The ball of steam hits you. You resist.
The iguana attacks as you move away! You block the iguana's attack.
An ufetubus comes into view.
The troll closely misses you. The troll claws you!
The troll claws you but does no damage.
The iguana is engulfed in a cloud of scalding steam.
The troll attacks as you move away! The troll barely misses you.
You furiously retaliate!
You headbutt the troll! You block the troll's attack.
The troll barely misses you.
The iguana is engulfed in a cloud of scalding steam.
You don't know any spells.
There are monsters nearby!
Unknown command.
Aiming: Charm
Press: ? - help, Shift-Dir - straight line, f/p - troll
Aim: a troll (steam, almost dead, chance to affect: 49%)
The iguana is charmed.
You block the killer bee's attack.
The troll is engulfed in a cloud of scalding steam.
The troll bites your iguana. The troll claws your iguana!
Your iguana dies!
The steam dragon attacks as you move away!
You block the steam dragon's attack. The steam dragon claws you.
The killer bee misses you.
You miss the killer bee. The killer bee stings you.
You block the killer bee's attack. You block the killer bee's attack.
The killer bee stings you but does no damage.
The killer bee barely misses you. You furiously retaliate!
You headbutt the killer bee!
A wight comes into view. It is wielding a +0 battleaxe.
The killer bee closely misses you.
The killer bee stings you but does no damage.
A shadow comes into view.
The killer bee closely misses you. You furiously retaliate!
You headbutt the killer bee!
You kill the killer bee!
The steam dragon breathes steam at you. The ball of steam hits you. You resist.
Your life force feels restored.
You hear a distant slurping noise.
The steam dragon breathes steam at you. The ball of steam misses you.
You hear a shout!
There is a stone staircase leading up here.
You climb upwards.
Level annotation: 1 runed translucent door, qeuew's ghost, novice DsFE
There is a stone staircase leading down here.
You start resting.
Magic restored.
You start resting.
HP restored.
You climb downwards.
The ufetubus hits you but does no damage.
The ufetubus barely misses you. The ufetubus hits you.
The ufetubus hits you but does no damage.
The shadow hits you. The wight hits you with a +0 battleaxe.
The troll bites you! The troll claws you. You block the troll's attack.
The ufetubus barely misses you. x2
There is a stone staircase leading up, spattered with blood here.
The ufetubus misses you. You furiously retaliate!
You headbutt the ufetubus!
You kill the ufetubus!
The shadow hits you! The wight barely misses you. The troll bites you.
You block the troll's attack. The troll claws you but does no damage.
You climb upwards.
Level annotation: 1 runed translucent door, qeuew's ghost, novice DsFE
There is a stone staircase leading down here.
The wight attacks as you move away! The wight barely misses you.
The troll bites you. The troll claws you but does no damage.
The troll barely misses you. The shadow hits you.
The troll attacks as you move away! The troll closely misses you.
You furiously retaliate!
You headbutt the troll. The troll claws you. The troll claws you!
The shadow hits you.
The shadow slips into darkness.
The shadow flickers and vanishes!
Deactivating autopickup; reactivate with Ctrl-A.
You block the troll's attack. The troll claws you but does no damage.
The troll claws you. The troll attacks as you move away!
The troll closely misses you. You furiously retaliate!
You headbutt the troll. The troll claws you. You block the troll's attack.
You feel better. The troll closely misses you. The troll claws you!
The troll claws you.
You feel very mighty all of a sudden. You block the troll's attack.
The troll claws you. The troll misses you.
You closely miss the troll. The troll barely misses you. x2
The troll claws you. You block the troll's attack. The troll claws you!
You die...

##.## ##.....# #..#
#.# # ##.##
##....### ##..# #.#
# ##.##
#......####..## #.#
#
##.####..####.....##
#.## ## ##.#...##
##....# #..# #. #
##...## ##...##
##..# ## ## #####
#{z..>## #...# #
.###
###T###..###...## #
#..## #.@##
##...###..# ###.##
#### ##..# ##.##
##.# ##.## ##.## ###
#..# ##.# #.)# ##.
#### ##. #.# ###


You could see a troll and a wight.

Vanquished Creatures
  Grinder (D:6)
  A wyvern (D:7)
  Duvessa (D:4)
  3 ogres
  An elf zombie (D:4)
  5 scorpions
  An elf skeleton (D:4)
  Dowan (D:4)
  A killer bee (D:7)
  A howler monkey (D:5)
  4 hounds
  A human zombie (D:4)
  A sleepcap (D:5)
  2 human skeletons (D:4)
  Natasha (thrice) (D:4)
  2 orc wizards
  An iguana (D:5)
  8 mummies (Ossuary)
  4 gnolls (D:5)
  8 adders
  2 shadow imps
  2 ufetubi
  2 worms (D:3)
  6 dart slugs
  14 orcs
  5 ball pythons
  6 bats
  3 endoplasms
  2 giant cockroaches
  A gnoll zombie (Ossuary)
  2 goblins
  3 hobgoblins
  2 quokkas
  A frilled lizard (D:3)
  2 hobgoblin zombies (Ossuary)
  A kobold (D:4)
  3 kobold zombies (Ossuary)
  An orc skeleton (D:4)
  2 orc zombies (Ossuary)
  3 rats
113 creatures vanquished.

Vanquished Creatures (others)
  An iguana (D:7)
1 creature vanquished.

Grand Total: 114 creatures vanquished

Notes
Turn   | Place    | Note
-------+----------+-------------------------------------------
     0 | D:1      | browni3141 the Minotaur Fighter began the quest for the
                  | Orb.
     0 | D:1      | Reached XP level 1. HP: 19/19 MP: 0/0
   384 | D:1      | Reached XP level 2. HP: 27/27 MP: 1/1
   990 | D:2      | Found a sacrificial altar of Ru.
  1268 | D:3      | Found a faded altar of an unknown god.
  1283 | D:3      | Got Plato's Exposition on Enchantment
  1461 | D:3      | Reached XP level 3. HP: 22/33 MP: 0/2
  1526 | D:3      | Identified the +1 morningstar of Guile {drain, *Noise rElec
                  | rF+ Int+3}
  1550 | D:3      | Reached skill level 3 in Axes
  1584 | D:3      | Reached XP level 4. HP: 12/40 MP: 0/3
  1761 | D:3      | Found an ornate altar of the Wu Jian Council.
  2006 | D:4      | Noticed a scorpion
  2009 | D:4      | Killed a scorpion
  2010 | D:4      | Reached XP level 5. HP: 45/47 MP: 4/4
  2412 | D:4      | Noticed Natasha
  2423 | D:4      | Killed Natasha
  2453 | D:4      | Reached XP level 6. HP: 48/56 MP: 5/5
  2456 | D:4      | Found a sand-covered staircase.
  2466 | Ossuary  | Entered an ossuary
  2495 | Ossuary  | Reached skill level 3 in Dodging
  2829 | D:4      | Reached XP level 7. HP: 57/61 MP: 4/6
  2855 | D:4      | Noticed Natasha
  2867 | D:4      | Killed Natasha
  2982 | D:4      | Identified the +8 dagger of the Crawling Thing {drain,
                  | Str+3 Int+2}
  3102 | D:4      | Noticed Natasha
  3109 | D:4      | Killed Natasha
  3366 | D:5      | Entered Level 5 of the Dungeon
  3366 | D:5      | Noticed Duvessa
  3366 | D:5      | Noticed Dowan
  3382 | D:4      | Killed Duvessa
  3395 | D:4      | Killed Dowan
  3508 | D:5      | Reached skill level 6 in Shields
  3595 | D:5      | Reached skill level 6 in Fighting
  3595 | D:5      | Reached skill level 6 in Armour
  3769 | D:5      | Reached XP level 8. HP: 70/70 MP: 7/7
  3774 | D:5      | Found a blossoming altar of Fedhas.
  3929 | D:5      | Noticed a hornet
  4367 | D:5      | Reached skill level 6 in Axes
  4933 | D:6      | Noticed Grinder
  4939 | D:6      | Paralysed by Grinder for 2 turns
  4945 | D:6      | Killed Grinder
  5683 | D:6      | Found a runed translucent door.
  5684 | D:6      | Found a shimmering altar of Xom.
  5684 | D:6      | Noticed a +1 spear of chaos
  5684 | D:6      | Noticed qeuew's ghost (novice DsFE)
  6134 | D:7      | Found Baxtukhi's Weapon Emporium.
  6148 | D:7      | Noticed a troll
  6376 | D:6      | Slain by a troll

Illustrated notes

Levels and vault maps discovered:
D:1:      dpeg_arrival_rooms_c, layout_loops_corners, serial_aquarium,
          aquarium_bridge_square [aquarium_subvault_bridge,
          aquarium_subvault_balcony, aquarium_subvault_wall,
          aquarium_subvault_window], aquarium_window_1, aquarium_window_1,
          aquarium_window_2, aquarium_window_corridor_3, aquarium_view_2e,
          aquarium_view_2d, aquarium_balcony_double_1
D:2:      layout_rooms, basic_altar, serial_curves, eino_curves_04,
          eino_curves_02
D:3:      minmay_angry_zag, layout_basic, mainiacjoe_overflow_24_doors,
          shapermc_ecumenical_altar_rom_forum, chequers_serial_rivers_marsh
D:4:      layout_loops_corners, nicolae_ossuary_entry_catacombs, uniq_natasha
D:5:      layout_loops_corners, fedhas_ov_isle_minmay, lightli_corner_chamber,
          uniq_duvessa
D:6:      layout_layer_cave, ebering_ghost_xom, uniq_grinder
D:7:      cheibrodos_fzero, layout_gridville, minmay_temple_entry_junction,
          serial_shops, nicolae_shop_bloodbath_and_beyond, uniq_joseph

Skill      XL: |  1  2  3  4  5  6  7  8 |
---------------+-------------------------+-----
Dodging        | 1 2 3 4 5 |  5.5
Fighting       | 4 5 6 7 |  7.2
Armour         | 4 5 6 7 |  7.2
Shields        | 4 5 6 7 |  7.3
Axes           | 3 4 5 6 |  6.6

Action                     |  1- 3 |  4- 6 |  7- 9 || total
---------------------------+-------+-------+-------++-------
  Melee: War axe           |    79 |    94 |   177 ||   350
         Headbutt          |     6 |    16 |    27 ||    49
  Evoke: Wand              |       |       |     5 ||     5
    Use: Potion            |       |       |     2 ||     2
 Armour: Scale mail        |    52 |    37 |    79 ||   168
  Dodge: Dodged            |    31 |    38 |   112 ||   181
  Block: Buckler           |    18 |    21 |    67 ||   106
